 Dungeon Crawl Stone Soup version 0.29.0 (webtiles) character file.

Game seed: 10903715942568060032

5422 Lutefisk the Thaumaturge (level 10, -1/79 HPs)
             Began as a Mummy Summoner on Aug 24, 2022.
             Was an Elder of Sif Muna.
             Killed by divine providence
             ... invoked by an orc priest
              (13 damage)
             ... on level 9 of the Dungeon on Aug 25, 2022.
             The game lasted 00:52:11 (6335 turns).

Lutefisk the Thaumaturge (Mummy Summoner)           Turns: 6335, Time: 00:52:12

Health: -1/79      AC:  8    Str: 12    XL:     10   Next: 40%
Magic:  2/22       EV: 13    Int: 20    God:    Sif Muna [****..]
Gold:   406        SH:  0    Dex: 14    Spells: 13/25 levels left

rFire   x . .      SeeInvis +   g - +4 trident
rCold   + . .      Faith    .   (no shield)
rNeg    + + +      Spirit   .   z - +0 steam dragon scales
rPois   ∞          Reflect  .   s - +0 helmet {Int+3}
rElec   .          Harm     .   (no cloak)
rCorr   .          Rampage  .   u - +0 pair of gloves
Will    +....                   (no boots)
Stlth   ++........              (no amulet)
HPRegen 0.23/turn               d - ring of see invisible
MPRegen 0.18/turn               (no ring)

@: no status effects
A: cold resistance 1, negative energy resistance 3, torment resistance 2, heat
vulnerability 1, in touch with death 1, no potions
a: Renounce Religion, Channel Magic, Forget Spell, Divine Exegesis


You were on level 9 of the Dungeon.
You worshipped Sif Muna.
Sif Muna was greatly pleased with you.
You visited 1 branch of the dungeon, and saw 9 of its levels.
You also visited: Sewer and Ossuary.

You collected 406 gold pieces.

Inventory:

Hand Weapons
 g - a +4 trident (weapon)
 j - the +7 sling "Pibre" {speed, rF+ rC+ Dex+4}
   (You found it on level 7 of the Dungeon)

   Attacks with this weapon are significantly faster.
   Dex:       It affects your dexterity (+4).
   rF:        It protects you from fire.
   rC:        It protects you from cold.
 n - a +2 whip of freezing
 p - a +2 mace of protection
 v - a +1 hand axe of venom
Missiles
 c - a curare-tipped dart (quivered)
 l - 52 poisoned darts
 x - a throwing net
Armour
 s - a +0 helmet of intelligence (worn)
 u - a +0 pair of gloves (worn)
 z - +0 steam dragon scales (worn)
Magical Staves
 r - a staff of cold
Jewellery
 d - a ring of see invisible (left hand)
Wands
 m - a wand of flame (26)
 w - a wand of polymorph (12)
 y - a wand of charming (2)
Scrolls
 a - a scroll of torment {unknown}
 b - 2 scrolls of fog {unknown}
 e - 6 scrolls of poison {unknown}
 f - 3 scrolls of identify {unknown}
 h - 2 scrolls of noise {unknown}
 i - 7 scrolls of teleportation {unknown}
 k - a scroll of silence {unknown}
 o - a scroll of summoning {unknown}
 q - 2 scrolls of fear {unknown}
 t - a scroll of enchant armour {unknown}
 A - a scroll of immolation {unknown}
 B - a scroll of enchant weapon {unknown}


   Skills:
 - Level 7.0 Fighting
 - Level 2.0 Throwing
 - Level 4.0 Armour
 - Level 4.0 Dodging
 - Level 2.0 Stealth
 * Level 8.2 Spellcasting
 - Level 2.0 Conjurations
 - Level 7.0 Summonings
 - Level 2.0 Air Magic
 - Level 3.0 Invocations
 - Level 3.0 Evocations


You had 13 spell levels left.
You knew the following spells:

 Your Spells              Type           Power      Damage    Failure   Level
a - Summon Small Mammal   Summ           100%       N/A       1%          1
b - Call Imp              Summ           36%        N/A       1%          2
c - Call Canine Familiar  Summ           36%        N/A       1%          3
d - Searing Ray           Conj           32%        2d5       5%          2
e - Summon Lightning Spi  Summ/Air       26%        N/A       13%         4

Your spell library contained the following spells:

 Spells                   Type           Power      Damage    Failure   Level
 Magic Dart               Conj           64%        1d6       3%          1
 Summon Guardian Golem    Hex/Summ       22%        N/A       6%          3
 Conjure Flame            Conj/Fire      12%        6-21      17%         3
 Ignite Poison            Fire/Tmut/Pois 8%         N/A       26%         3
 Fulminant Prism          Conj/Hex       6%         3d7       50%         4
 Sticky Flame             Conj/Fire      12%        2d4       50%         4


Dungeon Overview and Level Annotations

Branches:
Dungeon (9/15)             Temple (0/1) D:5           Sewer (visited)
Ossuary (visited)
   Lair: D:8-11         Orc: D:9-12

Altars:
Ashenzari
Dithmenos
Fedhas
Gozag
Makhleb
Okawaru
Qazlal
Sif Muna
Trog
Uskayaw
Wu Jian
Xom

Annotations:
D:2 Crazy Yiuf, Terence


Innate Abilities, Weirdness & Mutations

You are immune to poison.
Your flesh is cold resistant. (rC+)
You are immune to negative energy. (rN+++)
You are immune to unholy pain and torment.
You are vulnerable to heat. (rF-)
You are in touch with the powers of death.
You do not drink.


Message History

You see here a wyvern corpse.
Things that are here:
a +0 war axe; a +0 plate armour; an orc corpse You open the door.
An orc warrior and an orc priest come into view.
The orc warrior shouts!
The orc priest shouts!
You hear a shout!
Found a fizzy golden potion.
Your lightning spire disappears in a puff of smoke!
Your hound bites the orc priest.
The orc priest mumbles some strange prayers to Beogh against you.
Beogh smites you!
* * * LOW HITPOINT WARNING * * *
Your hound bites the orc priest.
There is a stone staircase leading down here.
Reach: g) +4 trident
Press: ? - help, Dir - move target, f - orc priest
Aim: an orc priest, wielding a +0 dagger (heavily wounded, ally target, about 35% to evade your +4 trident)
Okay, then.
Casting: Summon Lightning Spire (dangerous; 13% risk of failure)
Confirm with . or Enter, or press ? or * to list all spells.
A beastly little devil appears in a puff of flame.
Your hound bites the orc priest.
Your hound disappears in a puff of smoke!
The orc priest mumbles some strange prayers to Beogh against you.
Beogh smites you!
* * * LOW HITPOINT WARNING * * *
An orc wizard comes into view. It is wielding a +0 dagger.
You can't drink.
Okay, then.
Aiming: Charm
Press: ? - help, Shift-Dir - straight line, f - orc priest
Aim: an orc priest, wielding a +0 dagger (heavily wounded, ally target, chance to affect: 56%)
The orc priest resists with significant effort.
Your crimson imp hits the orc priest.
You hit the orc priest but do no damage.
The orc priest is severely wounded.
An orc wizard comes into view. It is wielding a +0 dagger.
The orc priest calls down the wrath of Beogh upon you.
Beogh smites you!
You die...

#### .......)..#
......§...#
#######'### ##...#
# #..### #
#########)### #
####........)..# #
#..'...........#
###.##...).....5@#
##..##....†.....o#
##.###..........o#
...#
#..........oo.!#
####
#...........#### #
#...........# #
#...........# #
#...........#
#############


You could see an orc warrior, an orc priest (ally target), 2 orc wizards and a
friendly crimson imp (summoned).

Vanquished Creatures
  A wyvern (D:9)
  2 steam dragons
  An ice beast (D:7)
  2 black bears
  A phantom (D:4)
  A nameless horror (D:8)
  A kobold brigand (Sewer)
  An elf zombie (Ossuary)
  A bullfrog (D:8)
  4 scorpions
  2 elf skeletons (D:5)
  A wight (D:6)
  3 hounds
  An iguana (D:6)
  A mummy (Ossuary)
  6 adders
  A river rat (Sewer)
  3 white imps
  An adder zombie (Ossuary)
  A worm (Sewer)
  2 dart slugs (D:3)
  7 orcs
  3 ball pythons
  An endoplasm (D:4)
  4 giant cockroaches
  4 hobgoblins
  6 jackals
  3 kobolds
  4 quokkas
  3 bats (D:1)
  2 frilled lizards (D:2)
  A jackal zombie (Ossuary)
  A kobold zombie (Ossuary)
  An orc skeleton (D:5)
  An orc zombie (Ossuary)
  5 rats
  A rat zombie (Ossuary)
84 creatures vanquished.

Vanquished Creatures (collateral kills)
  Prince Ribbit (D:8)
  Grinder (D:3)
  Eustachio (D:6)
  4 black bears
  3 orc warriors
  4 ogres
  A centaur (D:7)
  7 kobold brigands
  2 phantoms
  A bullfrog (D:7)
  3 scorpions
  2 necrophages
  2 elf skeletons (D:5)
  6 wights
  A howler monkey (D:8)
  A hound (D:4)
  A centaur zombie (Ossuary)
  2 human zombies (Ossuary)
  A gnoll bouda (D:8)
  4 orc priests
  4 iguanas
  Natasha (D:3)
  3 orc wizards
  2 hound zombies (Ossuary)
  2 mummies (Ossuary)
  8 gnolls
  A river rat (Sewer)
  5 adders
  A shadow imp (D:6)
  3 adder zombies (Ossuary)
  3 worms
  2 dart slugs
  14 orcs
  7 ball pythons
  4 endoplasms
  3 giant cockroaches
  2 gnoll zombies (Ossuary)
  A goblin (D:2)
  3 hobgoblins
  3 jackals (D:1)
  3 kobolds
  3 quokkas
  3 bats
  3 frilled lizards
  3 goblin zombies (Ossuary)
  2 hobgoblin zombies (Ossuary)
  2 jackal zombies (Ossuary)
  3 kobold zombies (Ossuary)
  An orc skeleton (D:5)
  An orc zombie (Ossuary)
  5 quokka zombies (Ossuary)
  3 rat zombies (Ossuary)
152 creatures vanquished.

Vanquished Creatures (others)
  3 fungi (D:2)
  8 plants (D:1)
11 creatures vanquished.

Grand Total: 247 creatures vanquished

Notes
Turn   | Place    | Note
-------+----------+-------------------------------------------
     0 | D:1      | Lutefisk the Mummy Summoner began the quest for the Orb.
     0 | D:1      | Reached XP level 1. HP: 13/13 MP: 4/4
   103 | D:1      | Reached skill level 1 in Fighting
   222 | D:1      | Reached XP level 2. HP: 11/22 MP: 3/5
   778 | D:2      | Found a faded altar of an unknown god.
   791 | D:2      | Found a runed translucent door.
   792 | D:2      | Noticed Crazy Yiuf
  1035 | D:2      | Noticed Terence
  1137 | D:1      | Gained mutation: You are in touch with the powers of death.
                  | [Mummy growth]
  1137 | D:1      | Reached XP level 3. HP: 13/29 MP: 4/7
  1509 | D:2      | Reached XP level 4. HP: 37/37 MP: 5/8
  1559 | D:3      | Learned a level 2 spell: Call Imp
  1654 | D:3      | Noticed Grinder
  1654 | D:3      | Paralysed by Grinder for 5 turns
  1671 | D:3      | Paralysed by Grinder for 4 turns
  1789 | D:3      | Paralysed by Grinder for 2 turns
  1814 | D:3      | Killed Grinder
  1815 | D:3      | Reached skill level 3 in Spellcasting
  1815 | D:3      | Reached skill level 5 in Fighting
  1815 | D:3      | Reached XP level 5. HP: 37/44 MP: 1/9
  1837 | D:3      | Found a burning altar of Makhleb.
  1852 | D:3      | Reached XP level 6. HP: 49/51 MP: 5/10
  1868 | D:3      | Noticed an ice beast
  1887 | D:3      | Noticed Natasha
  1901 | D:3      | Killed Natasha
  2154 | D:4      | Found a glowing drain.
  2174 | Sewer    | Entered a sewer
  2273 | Sewer    | Reached skill level 5 in Summonings
  2273 | Sewer    | Reached skill level 1 in Throwing
  2292 | Sewer    | Learned a level 3 spell: Call Canine Familiar
  2323 | Sewer    | Reached XP level 7. HP: 32/56 MP: 6/12
  2391 | Sewer    | Reached skill level 4 in Spellcasting
  2704 | Sewer    | Reached skill level 1 in Evocations
  3064 | D:4      | Found a shimmering blue altar of Sif Muna.
  3070 | D:4      | Became a worshipper of Sif Muna the Loreminder
  3099 | D:4      | Reached XP level 8. HP: 51/63 MP: 8/14
  3165 | D:4      | Found a hide-covered altar of Uskayaw.
  3179 | D:4      | Found a bloodstained altar of Trog.
  3215 | D:4      | Reached skill level 1 in Invocations
  3351 | D:4      | Found an opulent altar of Gozag.
  3354 | D:4      | Found a broken altar of Ashenzari.
  3464 | D:4      | Reached skill level 5 in Spellcasting
  3543 | D:5      | Entered Level 5 of the Dungeon
  3543 | D:5      | Found an iron altar of Okawaru.
  3554 | D:5      | Reached * piety under Sif Muna
  3569 | D:4      | Reached skill level 6 in Spellcasting
  3786 | D:5      | Reached skill level 7 in Spellcasting
  3866 | D:5      | Reached skill level 1 in Armour
  3916 | D:5      | Found a staircase to the Ecumenical Temple.
  4025 | D:5      | Reached XP level 9. HP: 62/69 MP: 17/19
  4061 | D:5      | Found a sand-covered staircase.
  4067 | Ossuary  | Entered an ossuary
  4192 | Ossuary  | Reached ** piety under Sif Muna
  4227 | Ossuary  | Learned a level 2 spell: Searing Ray
  4300 | D:5      | Reached skill level 1 in Conjurations
  4388 | D:5      | Found an ornate altar of the Wu Jian Council.
  4481 | D:5      | Found a stormy altar of Qazlal.
  4891 | D:6      | Found a blossoming altar of Fedhas.
  4939 | D:6      | Found a shimmering altar of Xom.
  4982 | D:6      | Reached *** piety under Sif Muna
  5019 | D:6      | Noticed Eustachio
  5036 | D:6      | Killed Eustachio
  5353 | D:7      | Identified the +7 sling "Pibre" {speed, rF+ rC+ Dex+4}
  5359 | D:7      | Reached XP level 10. HP: 74/79 MP: 13/21
  5380 | D:7      | Learned a level 4 spell: Summon Lightning Spire
  5620 | D:8      | Noticed Prince Ribbit
  5666 | D:8      | Killed Prince Ribbit
  5667 | D:8      | Reached skill level 1 in Air Magic
  5921 | D:8      | Reached skill level 8 in Spellcasting
  6025 | D:8      | Found a shadowy altar of Dithmenos.
  6038 | D:8      | Reached **** piety under Sif Muna
  6335 | D:9      | Killed from afar by an orc priest

Illustrated notes

Levels and vault maps discovered:
D:1:      scummos_arrival_forest, layout_loops_cross, kennysheep_boxes
D:2:      layout_rooms, chequers_ecumenical_altar_simple_redux,
          kennysheep_doodads, serial_bayou_pond_d, uniq_crazy_yiuf_cottage,
          uniq_terence
D:3:      layout_rooms, lemuel_doored_altar, chequers_serial_rivers_micro_c,
          uniq_natasha, uniq_grinder
D:4:      minmay_octagon_keep, layout_rooms, trog_ov_bears_minmay,
          eat_drink_and_be_merry_uskayaw, nicolae_overflow_hidden_temple,
          led_sif_pool, gup_sewer_entry_pipe, minmay_misc_feat_pillars
D:5:      layout_basic, dreamdust_divine_triumvirate, okawaru_metal_pillars_1_2,
          minitemple, minmay_temple_entry_glassed_door,
          nicolae_ossuary_entry_catacombs
D:6:      layout_loops_ring, lemuel_crystal_altar, lemuel_round_altar,
          uniq_eustachio
D:7:      layout_rooms
D:8:      layout_gridville, grunt_dithmenos_smoke, roderic_serpentine_path,
          st_stairs_4, bh_walls_and_bars, uniq_prince_ribbit1
D:9:      layout_roguey [special_room_orc], uniq_joseph

Skill      XL: |  1  2  3  4  5  6  7  8  9 10 |
---------------+-------------------------------+-----
Fighting       | 1 3 5 6 7 |  7.0
Summonings     | 4 5 6 7 |  7.0
Spellcasting   | 3 4 7 8 |  8.2
Throwing       | 1 2 |  2.0
Stealth        | 2 |  2.0
Evocations     | 1 2 3 |  3.0
Dodging        | 2 4 |  4.0
Invocations    | 2 3 |  3.0
Armour         | 2 4 |  4.0
Conjurations   | 2 |  2.0
Air Magic      | 2 |  2.0

Action                   |  1- 3 |  4- 6 |  7- 9 | 10-12 || total
-------------------------+-------+-------+-------+-------++-------
Melee: Whip              |    31 |    17 |   240 |       ||   288
       Unarmed           |     6 |       |       |       ||     6
       Quarterstaff      |    27 |       |       |       ||    27
       Spear             |     7 |   101 |     4 |       ||   112
       Punch             |     1 |     1 |     4 |       ||     6
       Trident           |       |       |     4 |    57 ||    61
       Staff             |       |       |     4 |       ||     4
       Hand axe          |       |       |     2 |       ||     2
Throw: Dart              |       |     1 |    18 |       ||    19
 Cast: Summon Small Mamm |    50 |    41 |    45 |    12 ||   148
       Call Imp          |       |    14 |    21 |     8 ||    43
       Call Canine Famil |       |       |    45 |    18 ||    63
       Searing Ray       |       |       |       |     4 ||     4
       Summon Lightning  |       |       |       |     4 ||     4
Evoke: Wand              |       |       |       |     1 ||     1
 Stab: Distracted        |       |     1 |     5 |     3 ||     9
       Sleeping          |       |       |     3 |       ||     3
Armor: Robe              |    32 |    11 |    63 |     4 ||   110
       Steam dragon scal |       |       |       |     7 ||     7
       Leather armour    |       |       |       |     5 ||     5
Dodge: Dodged            |    99 |    55 |   180 |    47 ||   381
